 Dungeon Crawl Stone Soup version 0.21.1-1-g345015f (webtiles) character file.

108 Kairos the Charmwright (level 4, -4/34 HPs)
             Began as a Demonspawn Skald on Mar 25, 2018.
             Slain by Sigmund
             ... wielding a +1 scythe of venom
              (6 damage)
             ... on level 2 of the Dungeon.
             The game lasted 00:03:43 (1460 turns).

Kairos the Charmwright (Demonspawn Skald)           Turns: 1460, Time: 00:03:44

Health: -4/34      AC:  6    Str: 12    XL:     4   Next: 58%
Magic:  2/7        EV: 11    Int: 15    God:
Gold:   95         SH:  0    Dex: 12    Spells: 6/7 levels left

rFire    . . .     SeeInvis .   n - +0 mace (drain)
rCold    . . .     Gourm    .   (no shield)
rNeg     . . .     Faith    .   j - +0 ring mail (curse)
rPois    .         Spirit   .   k - +1 hat
rElec    .         Reflect  .   (no cloak)
rCorr    .         Harm     .   (no gloves)
MR       +....                  (no boots)
Stlth    +.........             (no amulet)
HPRegen  0.11/turn              f - ring of protection from magic
MPRegen  0.10/turn              (no ring)

@: lethally poisoned (-4 -> -21), infused
A: claws 1, powered by pain 1
a: no special abilities


You were on level 2 of the Dungeon.
You were not hungry.

You visited 1 branch of the dungeon, and saw 2 of its levels.

You collected 95 gold pieces.

Inventory:

Hand Weapons
 a - a +0 mace
 n - a +0 mace of draining (weapon)
Armour
 b - a +0 leather armour
 j - a cursed +0 ring mail (worn)
 k - a +1 hat (worn)
Jewellery
 f - a ring of protection from magic (left claw)
Scrolls
 g - a scroll of amnesia {unknown}
 h - a scroll of fog {unknown}
 i - a scroll of remove curse {unknown}
 l - 5 scrolls of identify {unknown}
 m - a scroll of immolation {unknown}
 q - a scroll of enchant weapon {unknown}
 r - 3 scrolls of enchant armour {unknown}
Potions
 e - a potion of haste {unknown}
 o - a potion of curing
 p - a potion of resistance {unknown}
Books
 c - a book of Battle

   Spells                             Type                      Level
   a - Infusion                       Charms                       1
   b - Shroud of Golubria             Charms/Translocation         2
   c - Song of Slaying                Charms                       2
   d - Spectral Weapon                Hexes/Charms                 3
   e - Regeneration                   Charms/Necromancy            3
Comestibles
 d - 2 rations


   Skills:
 + Level 2.5 Fighting
 + Level 2.5 Maces & Flails
 + Level 1.5 Armour
 + Level 3.0 Dodging
 + Level 2.1 Spellcasting
 + Level 3.0 Charms


You had 6 spell levels left.
You knew the following spells:

 Your Spells              Type           Power        Failure   Level  Hunger
a - Infusion              Chrm           ##..         14%         1    #......


Dungeon Overview and Level Annotations

Branches:
Dungeon (2/15)

Altars:

Annotations:
D:2 Sigmund


Innate Abilities, Weirdness & Mutations

You have sharp fingernails.
You sometimes gain a little power by taking damage.


Message History

You feel sick. Sigmund closely misses you.
Your ring mail prevents you from hitting Sigmund.
Sigmund is heavily wounded.
* * * LOW HITPOINT WARNING * * *
You feel very sick. Sigmund misses you.
You hit Sigmund. You drain Sigmund!
Sigmund is severely wounded.
* * * LOW HITPOINT WARNING * * *
You feel sick.
Sigmund drinks a potion.
Sigmund is healed!
You closely miss Sigmund.
Sigmund is moderately wounded.
* * * LOW HITPOINT WARNING * * *
You feel sick. Sigmund misses you.
You hit Sigmund. You drain Sigmund!
Sigmund is severely wounded.
* * * LOW HITPOINT WARNING * * *
You feel sick.
Sigmund hits you with a scythe of venom.
You die...

....+ .#### .#
.# .# ### .#
#+##.## # .#
##.#.#.#####.#
.#
#...###......#
.#
#..#.#.##@####
[#
##...#.###@#
.######......#
#.#
.#....)......#
#.#
.#.#####..####
#.# ...#
#..######.#
.###
#.........# .#
##.######## .#
#.#


You could see Sigmund.

Vanquished Creatures
  Natasha (D:2)
  An adder (D:2)
  2 worms (D:2)
  A dart slug (D:1)
  5 leopard geckos
  8 bats
  A giant cockroach (D:1)
  6 hobgoblins
  6 jackals
  3 kobolds
  6 frilled lizards
  6 goblins
  16 rats
62 creatures vanquished.

Notes
Turn   | Place    | Note
-------+----------+-------------------------------------------
     0 | D:1      | Kairos the Demonspawn Skald began the quest for the Orb.
     0 | D:1      | Reached XP level 1. HP: 16/16 MP: 3/3
    51 | D:1      | Gained mutation: You sometimes gain a little power by taking damage. [demonic ancestry]
    51 | D:1      | Reached XP level 2. HP: 13/22 MP: 0/5
    60 | D:1      | Reached skill level 1 in Armour
   593 | D:1      | Reached XP level 3. HP: 28/28 MP: 6/6
  1219 | D:2      | Noticed Natasha
  1224 | D:2      | Killed Natasha
  1224 | D:2      | Gained mutation: You have sharp fingernails. [demonic ancestry]
  1224 | D:2      | Reached XP level 4. HP: 28/34 MP: 7/7
  1447 | D:2      | Noticed Sigmund
  1460 | D:2      | Slain by Sigmund

Skill      XL: |  1  2  3  4 |
---------------+-------------+-----
Armour         | 1 |  1.5
Dodging        | 2 3 |  3.0
Charms         | 3 |  3.0
Maces & Flails | 2 |  2.5
Fighting       | |  2.5
Spellcasting   | |  2.1

Action                   |  1- 3 |  4- 6 || total
-------------------------+-------+-------++-------
Melee: Mace              |   122 |    45 ||   167
 Cast: Infusion          |     3 |     1 ||     4
  Eat: Chunk             |     1 |     1 ||     2
Armor: Leather armour    |    11 |       ||    11
       Ring mail         |    54 |    18 ||    72
Dodge: Dodged            |   123 |    21 ||   144
